Dungeon Sprint DCSS version 0.21-a0-401-g0b6bec4 (webtiles) character file.

13300000 Ordine the Axe Maniac (level 27, -100/247 (249) HPs) Began as a Formicid Fighter on Oct 23, 2017. Was the Champion of Makhleb. Annihilated by a fleshlord ... wielding a +9 great mace (321 damage) ... in the Dungeon (Sprint VIII: "Arena of Blood"). The game lasted 00:06:16 (133 turns). Ordine the Axe Maniac (Formicid Fighter) Turns: 133, Time: 00:06:16 HP: -100/247 (249)AC: 13 Str: 32 XL: 27 MP: 45/54 EV: 24 Int: 10 God: Makhleb [******] Gold: 0 SH: 19 Dex: 10 Spells: 80/80 levels left rFire + . . SeeInvis + l - +∞ Axe of Woe rCold . . . Gourm . c - +0 shield rNeg . . . Faith . b - +0 scale mail rPois . Spirit . (helmet unavailable) rElec . Reflect . (no cloak) rCorr . Harm . (no gloves) MR ++... (no boots) Stlth ++++++++.. (no amulet) HPRegen 0.51/turn m - ring of protection from fire MPRegen 0.34/turn (no ring) @: lethally poisoned (-100 -> -208) A: permanent stasis, dig shafts and tunnels, four strong arms, antennae 3 a: Dig, Minor Destruction, Lesser Servant of Makhleb, Major Destruction, Greater Servant of Makhleb, Renounce Religion You were in the Dungeon. You worshipped Makhleb. Makhleb was exalted by your worship. You were not hungry. You visited 1 branch

Inventory:

Hand Weapons
 a - a +0 war axe
 l - the +∞ Axe of Woe (weapon)
   (You found it in the Dungeon)
Armour
 b - a +0 scale mail (worn)
 c - a +0 shield (worn)
Jewellery
 m - a ring of protection from fire (left hand)
Scrolls
 k - a scroll of blinking
Potions
 d - a potion of might
 e - a potion of curing
 g - a potion of heal wounds
 h - a potion of haste
 i - 2 potions of magic
 j - a potion of berserk rage
Comestibles
 f - a bread ration


   Skills:
 O Level 27 Fighting
 O Level 27 Axes
 O Level 27 Throwing
 O Level 27 Armour
 O Level 27 Dodging
 O Level 27 Stealth
 O Level 27 Shields
 O Level 27 Unarmed Combat
 O Level 27 Spellcasting
 O Level 27 Invocations


You had 80 spell levels left.
You didn't know any spells.

Dungeon Overview and Level Annotations

Branches:
Dungeon (1/1)

Altars:
Makhleb


Innate Abilities, Weirdness & Mutations

You cannot be hasted, slowed, berserked, paralysed or teleported.
You can dig through walls and to a lower floor.
Your four strong arms can wield two-handed weapons with a shield.
You have a pair of large antennae on your head. (SInv)


Message History

You feel better.
You feel extremely sick.
The fleshlord gestures wildly while chanting.
The fleshlord seems to speed up.
You hear a shout! x3
Unknown command.
You feel extremely sick.
You hear a shout! x4
The fleshlord gestures at you while chanting.
Your stasis prevents you from being slowed.
You hear a shout! x7
The fleshlord appears out of thin air!
A fleshlord comes into view.
It is wielding a +9 great mace. 2 ogres come into view.
Items here: )))))) ====== You feel extremely sick.
The fleshlord shouts!
The fleshlord hits you with a +9 great mace!!!!!!
Ouch! That really hurt!
You die...

#...... ..#......###.
#.%..# .O............
#....##.......#......
#))..%#p..{.#....%..#
#))....###.......%..#
#.)..%##....#.......#
#))..#.%.....)#)..)))
#.)))#)))...))).).%.)
#%).@p).))))).)).###)
#..)))))).)))%)....#.
#......%..O))......#.
#.%.....%.#..........
#........#.#.#.......
#.........#.#........
#..###...#p#.#.......
#... ##...#.#..%..#..
#. ....


You could see 2 fleshlords and a meat berserker (berserk).

Vanquished Creatures
  2 hell knights (D)
  5 hell beasts (D)
  A greater mummy (D)
  2 great orbs of eyes (D)
  2 wraiths (D)
  11 vampire knights (D)
  26 ogres (D)
  7 two-headed ogres (D)
  2 liches (D)
  91 orcs (D)
  2 phantoms (D)
  3 skeletal warriors (D)
  3 sea snakes (D)
  8 large abominations (D)
  10 small abominations (D)
  4 crawling corpses (D)
179 creatures vanquished.

Vanquished Creatures (others)
  6 crawling corpses (D)
6 creatures vanquished.

Grand Total: 185 creatures vanquished

Notes
Turn   | Place    | Note
-------+----------+-------------------------------------------
     0 | D        | Found the +∞ Axe of Woe
     0 | D        | Ordine the Formicid Fighter began the quest for the Orb.
     0 | D        | Reached XP level 1. HP: 18/18 MP: 1/1
     2 | D        | Noticed a bag of meat
     3 | D        | Became a worshipper of Makhleb the Destroyer
     5 | D        | Noticed a bag of meat
     6 | D        | Noticed a bag of meat
     6 | D        | Noticed a meat berserker
     7 | D        | Noticed a bag of meat
     8 | D        | Noticed a bag of meat
     8 | D        | Noticed a meat berserker
     8 | D        | Killed a bag of meat
     8 | D        | Reached XP level 2. HP: 12/24 MP: 2/2
     8 | D        | Reached XP level 3. HP: 15/29 MP: 3/3
     8 | D        | Reached XP level 4. HP: 18/35 MP: 4/4
     8 | D        | Reached XP level 5. HP: 21/41 MP: 5/5
     8 | D        | Reached XP level 6. HP: 24/47 MP: 6/6
     8 | D        | Reached XP level 7. HP: 27/52 MP: 7/7
     8 | D        | Reached XP level 8. HP: 30/58 MP: 8/8
     8 | D        | Reached XP level 9. HP: 33/64 MP: 9/9
     8 | D        | Reached XP level 10. HP: 36/70 MP: 10/10
     8 | D        | Reached XP level 11. HP: 39/75 MP: 11/11
     8 | D        | Reached XP level 12. HP: 42/81 MP: 12/12
     8 | D        | Noticed a bag of meat
     9 | D        | Killed a bag of meat
     9 | D        | Reached * piety under Makhleb
     9 | D        | Reached XP level 13. HP: 28/86 MP: 13/13
    10 | D        | Noticed a meat berserker
    10 | D        | Killed a meat berserker
    10 | D        | Reached XP level 14. HP: 35/106 MP: 13/24
    10 | D        | Reached XP level 15. HP: 37/112 MP: 13/25
    10 | D        | Reached skill level 10 in Fighting
    10 | D        | Reached skill level 10 in Armour
    10 | D        | Reached skill level 10 in Invocations
    11 | D        | Killed a meat berserker
    11 | D        | Reached ** piety under Makhleb
    11 | D        | Reached skill level 10 in Dodging
    11 | D        | Reached XP level 16. HP: 128/128 MP: 13/31
    12 | D        | Killed a meat berserker
    12 | D        | Reached skill level 15 in Stealth
    12 | D        | Reached XP level 17. HP: 139/139 MP: 13/33
    12 | D        | Reached skill level 15 in Invocations
    13 | D        | Reached *** piety under Makhleb
    13 | D        | Reached skill level 15 in Fighting
    13 | D        | Reached skill level 27 in Axes
    13 | D        | Reached skill level 15 in Armour
    13 | D        | Reached XP level 18. HP: 149/149 MP: 13/36
    14 | D        | Noticed a meat berserker
    14 | D        | Noticed a destroyer
    16 | D        | Killed a meat berserker
    16 | D        | Reached skill level 15 in Throwing
    16 | D        | Reached skill level 15 in Unarmed Combat
    16 | D        | Reached skill level 15 in Spellcasting
    17 | D        | Noticed a meat berserker
    19 | D        | Noticed a meat berserker
    19 | D        | Reached **** piety under Makhleb
    19 | D        | Reached skill level 15 in Dodging
    19 | D        | Reached skill level 27 in Shields
    19 | D        | Reached XP level 19. HP: 154/163 MP: 14/39
    19 | D        | Killed a destroyer
    19 | D        | Reached XP level 20. HP: 176/176 MP: 14/42
    21 | D        | Noticed a meat berserker
    21 | D        | Noticed a destroyer
    21 | D        | Killed a destroyer
    23 | D        | Reached ***** piety under Makhleb
    23 | D        | Reached XP level 21. HP: 175/189 MP: 15/45
    23 | D        | Killed a meat berserker
    24 | D        | Noticed a meat berserker
    24 | D        | Killed a meat berserker
    24 | D        | Reached skill level 27 in Stealth
    24 | D        | Reached XP level 22. HP: 202/202 MP: 16/48
    25 | D        | Noticed a meat berserker
    27 | D        | Noticed a destroyer
    27 | D        | Killed a meat berserker
    27 | D        | Reached skill level 27 in Invocations
    27 | D        | Reached ****** piety under Makhleb
    27 | D        | Reached XP level 23. HP: 217/217 MP: 16/51
    28 | D        | Noticed a destroyer
    28 | D        | Reached skill level 27 in Fighting
    28 | D        | Reached skill level 27 in Armour
    28 | D        | Noticed a large bag of meat
    29 | D        | Reached skill level 27 in Throwing
    29 | D        | Reached skill level 27 in Unarmed Combat
    29 | D        | Reached skill level 27 in Spellcasting
    29 | D        | Reached skill level 27 in Dodging
    29 | D        | Reached XP level 24. HP: 227/227 MP: 17/54
    30 | D        | Noticed a destroyer
    31 | D        | Reached XP level 25. HP: 234/234 MP: 17/54
    31 | D        | Killed a large bag of meat
    33 | D        | Killed a destroyer
    33 | D        | Reached XP level 26. HP: 242/242 MP: 18/54
    34 | D        | Noticed a large bag of meat
    34 | D        | Noticed a large bag of meat
    37 | D        | Noticed a destroyer
    37 | D        | Noticed a destroyer
    37 | D        | Noticed a destroyer
    37 | D        | Killed a destroyer
    37 | D        | Reached XP level 27. HP: 249/249 MP: 19/54
    37 | D        | Killed a destroyer
    40 | D        | Killed a large bag of meat
    41 | D        | Killed a destroyer
    41 | D        | Killed a large bag of meat
    44 | D        | Noticed a destroyer
    45 | D        | Killed a destroyer
    48 | D        | Killed a destroyer
    50 | D        | Killed a destroyer
    63 | D        | Noticed a meat beast
    63 | D        | Noticed a meat beast
    64 | D        | Noticed a destroyer
    66 | D        | Noticed a meat beast
    66 | D        | Killed a meat beast
    66 | D        | Killed a meat beast
    67 | D        | Killed a meat beast
    69 | D        | Noticed a large bag of meat
    70 | D        | Noticed a meat beast
    71 | D        | Noticed a dread
    77 | D        | Killed a dread
    79 | D        | Killed a destroyer
    80 | D        | Noticed a dread
    82 | D        | Noticed a large bag of meat
    83 | D        | Noticed a large bag of meat
    84 | D        | Killed a meat beast
    85 | D        | Killed a large bag of meat
    87 | D        | Noticed a tyrant
    89 | D        | Killed a large bag of meat
    91 | D        | Killed a large bag of meat
    94 | D        | Noticed a meat beast
    97 | D        | Killed a dread
   100 | D        | Noticed a large bag of meat
   101 | D        | Noticed an accursed
   101 | D        | Noticed a destroyer
   101 | D        | Killed a meat beast
   101 | D        | Killed a tyrant
   102 | D        | Killed an accursed
   106 | D        | Killed a large bag of meat
   111 | D        | Noticed a tyrant
   113 | D        | Killed a destroyer
   120 | D        | Killed a tyrant
   122 | D        | Noticed a fleshlord
   124 | D        | Noticed a fleshlord
   127 | D        | Killed a fleshlord
   129 | D        | Noticed a fleshlord
   130 | D        | Noticed a fleshlord
   131 | D        | Killed a fleshlord
   133 | D        | Noticed a fleshlord
   133 | D        | Annihilated by a fleshlord

Vault maps used:
D:        meatsprint

Skill      XL: |  1  2  3  4  5  6  7  8  9 10 11 12 13 14 15 16 17 18 19 20 21 22 23 |
---------------+----------------------------------------------------------------------+-----
Axes           | 21 24 25 26 27 | 27.0
Shields        | 19 21 22 24 25 27 | 27.0
Fighting       | 8 12 14 15 18 19 22 24 26 27 | 27.0
Throwing       | 7 11 12 14 16 18 20 22 24 27 | 27.0
Armour         | 8 12 14 15 18 19 22 24 26 27 | 27.0
Dodging        | 6 10 11 13 15 16 19 20 22 27 | 27.0
Stealth        | 9 13 15 17 20 22 25 27 | 27.0
Unarmed Combat | 7 11 12 14 16 18 20 22 24 27 | 27.0
Spellcasting   | 7 11 12 14 16 18 20 22 24 27 | 27.0
Invocations    | 8 12 14 16 19 21 23 25 27 | 27.0

Action                   |  1- 3 |  4- 6 |  7- 9 | 10-12 | 13-15 | 16-18 | 19-21 | 22-24 | 25-27 || total
-------------------------+-------+-------+-------+-------+-------+-------+-------+-------+-------++-------
Melee: Executioner's axe |     1 |       |       |     1 |     2 |     4 |     3 |     6 |    73 ||    90
Armor: Scale mail        |       |       |       |       |       |       |       |     1 |     6 ||     7
Dodge: Dodged            |       |       |       |       |       |       |       |     2 |     4 ||     6
Block: Shield            |       |       |       |       |     1 |       |       |       |     9 ||    10

Table legend:
 A = Spawn XP
 B = Non-spawn XP
 C = Spawn XP percentage of total XP
 D = Spawn monster count
 E = Non-spawn monster count
 F = Spawn count percentage of total count
 G = Total turns spent on level
                    A         B        C        D         E        F      G
               +---------+---------+-------+---------+---------+-------+---------
         Total |       0 | 4568717 |   0.0 |       0 |     173 |   0.0 |   133
               +---------+---------+-------+---------+---------+-------+---------
             D |       0 | 4568717 |   0.0 |       0 |     173 |   0.0 |   133
               +---------+---------+-------+---------+---------+-------+---------
